Workbook

Sheet Read me
A1: Research grant staff allocation template, from AllocBoard (allocboard.com)
A3: 1. Staff: one row per person, with their FTE, annual salary and on-cost percentage.
A4: 2. Projects: one row per grant, with its staff budget.
A5: 3. Allocations: one row per spell of work. PM is person-months per month: 1 is full time, 0.5 half time.
A6: 4. Monthly load: each person's total PM per month across every grant. A red cell is over their FTE.
A7: 5. Project cost: each grant's staff cost per month, the total, and what is left. A red total is over budget.
A9: Set the first month in Monthly load, cell B1. Both summary sheets run 36 months from it.
A10: The rows in grey italics are an example. Overwrite or delete them.
A12: The Allocations columns match AllocBoard's staff time import, so the rows can be imported a project at a time.
A13: How to calculate person-months: allocboard.com/blog/person-months

Sheet Staff
A1: Staff Name | B1: Role | C1: FTE | D1: Annual salary | E1: On-cost % | F1: Monthly cost
A2: Example: A. Patel | B2: Postdoctoral researcher | C2: 1 | D2: 38000 | E2: 0.3 | F2: =IF(A2="","",D2*(1+E2)/12)
A3: Example: B. Okafor | B3: Postdoctoral researcher | C3: 1 | D3: 40000 | E3: 0.3 | F3: =IF(A3="","",D3*(1+E3)/12)
A4: Example: C. Lindqvist | B4: Research technician | C4: 0.6 | D4: 31000 | E4: 0.3 | F4: =IF(A4="","",D4*(1+E4)/12)
A5: Example: D. Moreau | B5: Project manager | C5: 1 | D5: 45000 | E5: 0.3 | F5: =IF(A5="","",D5*(1+E5)/12)
F6: =IF(A6="","",D6*(1+E6)/12)
F7: =IF(A7="","",D7*(1+E7)/12)
F8: =IF(A8="","",D8*(1+E8)/12)
F9: =IF(A9="","",D9*(1+E9)/12)
F10: =IF(A10="","",D10*(1+E10)/12)
F11: =IF(A11="","",D11*(1+E11)/12)
F12: =IF(A12="","",D12*(1+E12)/12)
F13: =IF(A13="","",D13*(1+E13)/12)
F14: =IF(A14="","",D14*(1+E14)/12)
F15: =IF(A15="","",D15*(1+E15)/12)
F16: =IF(A16="","",D16*(1+E16)/12)
F17: =IF(A17="","",D17*(1+E17)/12)
... F21: =IF(A21="","",D21*(1+E21)/12)

Sheet Projects
A1: Project | B1: Funder | C1: Start Month | D1: End Month | E1: Staff budget
A2: Example: SOILNET | B2: UKRI | C2: 46235 | D2: 47300 | E2: 180000
A3: Example: AQUA-EU | B3: Horizon Europe | C3: 46296 | D3: 47362 | E3: 150000

Sheet Allocations
A1: Staff Name | B1: Project | C1: Funder | D1: PM | E1: Start Month | F1: End Month | G1: Note | H1: Monthly cost
A2: Example: A. Patel | B2: Example: SOILNET | C2: UKRI | D2: 0.6 | E2: 46235 | F2: 47300 | H2: =IF(A2="",0,D2*IFERROR(VLOOKUP(A2,Staff!$A:$F,6,FALSE),0))
A3: Example: A. Patel | B3: Example: AQUA-EU | C3: Horizon Europe | D3: 0.5 | E3: 46388 | F3: 46722 | G3: Over FTE in 2027 | H3: =IF(A3="",0,D3*IFERROR(VLOOKUP(A3,Staff!$A:$F,6,FALSE),0))
A4: Example: B. Okafor | B4: Example: AQUA-EU | C4: Horizon Europe | D4: 1 | E4: 46296 | F4: 47362 | H4: =IF(A4="",0,D4*IFERROR(VLOOKUP(A4,Staff!$A:$F,6,FALSE),0))
A5: Example: C. Lindqvist | B5: Example: SOILNET | C5: UKRI | D5: 0.4 | E5: 46235 | F5: 46935 | H5: =IF(A5="",0,D5*IFERROR(VLOOKUP(A5,Staff!$A:$F,6,FALSE),0))
A6: Example: D. Moreau | B6: Example: SOILNET | C6: UKRI | D6: 0.2 | E6: 46235 | F6: 47300 | H6: =IF(A6="",0,D6*IFERROR(VLOOKUP(A6,Staff!$A:$F,6,FALSE),0))
A7: Example: D. Moreau | B7: Example: AQUA-EU | C7: Horizon Europe | D7: 0.2 | E7: 46296 | F7: 47362 | H7: =IF(A7="",0,D7*IFERROR(VLOOKUP(A7,Staff!$A:$F,6,FALSE),0))
H8: =IF(A8="",0,D8*IFERROR(VLOOKUP(A8,Staff!$A:$F,6,FALSE),0))
H9: =IF(A9="",0,D9*IFERROR(VLOOKUP(A9,Staff!$A:$F,6,FALSE),0))
H10: =IF(A10="",0,D10*IFERROR(VLOOKUP(A10,Staff!$A:$F,6,FALSE),0))
H11: =IF(A11="",0,D11*IFERROR(VLOOKUP(A11,Staff!$A:$F,6,FALSE),0))
H12: =IF(A12="",0,D12*IFERROR(VLOOKUP(A12,Staff!$A:$F,6,FALSE),0))
H13: =IF(A13="",0,D13*IFERROR(VLOOKUP(A13,Staff!$A:$F,6,FALSE),0))
H14: =IF(A14="",0,D14*IFERROR(VLOOKUP(A14,Staff!$A:$F,6,FALSE),0))
H15: =IF(A15="",0,D15*IFERROR(VLOOKUP(A15,Staff!$A:$F,6,FALSE),0))
H16: =IF(A16="",0,D16*IFERROR(VLOOKUP(A16,Staff!$A:$F,6,FALSE),0))
H17: =IF(A17="",0,D17*IFERROR(VLOOKUP(A17,Staff!$A:$F,6,FALSE),0))
H18: =IF(A18="",0,D18*IFERROR(VLOOKUP(A18,Staff!$A:$F,6,FALSE),0))
H19: =IF(A19="",0,D19*IFERROR(VLOOKUP(A19,Staff!$A:$F,6,FALSE),0))
... H201: =IF(A201="",0,D201*IFERROR(VLOOKUP(A201,Staff!$A:$F,6,FALSE),0))

Sheet Monthly load
A1: First month | B1: 46235
A3: Staff Name | B3: FTE | C3: =EDATE($B$1,0) | D3: =EDATE($B$1,1) | E3: =EDATE($B$1,2) | F3: =EDATE($B$1,3) | G3: =EDATE($B$1,4) | H3: =EDATE($B$1,5) | I3: =EDATE($B$1,6) | J3: =EDATE($B$1,7) | K3: =EDATE($B$1,8) | L3: =EDATE($B$1,9) | M3: =EDATE($B$1,10) | N3: =EDATE($B$1,11) | O3: =EDATE($B$1,12) | P3: =EDATE($B$1,13) | Q3: =EDATE($B$1,14) | R3: =EDATE($B$1,15) | S3: =EDATE($B$1,16) | T3: =EDATE($B$1,17) | U3: =EDATE($B$1,18) | V3: =EDATE($B$1,19) | W3: =EDATE($B$1,20) | X3: =EDATE($B$1,21) | Y3: =EDATE($B$1,22) | Z3: =EDATE($B$1,23) | AA3: =EDATE($B$1,24) | AB3: =EDATE($B$1,25) | AC3: =EDATE($B$1,26) | AD3: =EDATE($B$1,27) | AE3: =EDATE($B$1,28) | AF3: =EDATE($B$1,29) | AG3: =EDATE($B$1,30) | AH3: =EDATE($B$1,31) | AI3: =EDATE($B$1,32) | AJ3: =EDATE($B$1,33) | AK3: =EDATE($B$1,34) | AL3: =EDATE($B$1,35)
A4: =IF(Staff!A2="","",Staff!A2) | B4: =IF(Staff!A2="","",Staff!C2) | C4: =IF($A4="","",SUMPRODUCT((Allocations!$A$2:$A$201=$A4)*(Allocations!$E$2:$E$201<=C$3)*(Allocations!$F$2:$F$201>=C$3)*Allocations!$D$2:$D$201)) | D4: =IF($A4="","",SUMPRODUCT((Allocations!$A$2:$A$201=$A4)*(Allocations!$E$2:$E$201<=D$3)*(Allocations!$F$2:$F$201>=D$3)*Allocations!$D$2:$D$201)) | E4: =IF($A4="","",SUMPRODUCT((Allocations!$A$2:$A$201=$A4)*(Allocations!$E$2:$E$201<=E$3)*(Allocations!$F$2:$F$201>=E$3)*Allocations!$D$2:$D$201)) | F4: =IF($A4="","",SUMPRODUCT((Allocations!$A$2:$A$201=$A4)*(Allocations!$E$2:$E$201<=F$3)*(Allocations!$F$2:$F$201>=F$3)*Allocations!$D$2:$D$201)) | G4: =IF($A4="","",SUMPRODUCT((Allocations!$A$2:$A$201=$A4)*(Allocations!$E$2:$E$201<=G$3)*(Allocations!$F$2:$F$201>=G$3)*Allocations!$D$2:$D$201)) | H4: =IF($A4="","",SUMPRODUCT((Allocations!$A$2:$A$201=$A4)*(Allocations!$E$2:$E$201<=H$3)*(Allocations!$F$2:$F$201>=H$3)*Allocations!$D$2:$D$201)) | I4: =IF($A4="","",SUMPRODUCT((Allocations!$A$2:$A$201=$A4)*(Allocations!$E$2:$E$201<=I$3)*(Allocations!$F$2:$F$201>=I$3)*Allocations!$D$2:$D$201)) | J4: =IF($A4="","",SUMPRODUCT((Allocations!$A$2:$A$201=$A4)*(Allocations!$E$2:$E$201<=J$3)*(Allocations!$F$2:$F$201>=J$3)*Allocations!$D$2:$D$201)) | ... AL4: =IF($A4="","",SUMPRODUCT((Allocations!$A$2:$A$201=$A4)*(Allocations!$E$2:$E$201<=AL$3)*(Allocations!$F$2:$F$201>=AL$3)*Allocations!$D$2:$D$201))
A5: =IF(Staff!A3="","",Staff!A3) | B5: =IF(Staff!A3="","",Staff!C3) | C5: =IF($A5="","",SUMPRODUCT((Allocations!$A$2:$A$201=$A5)*(Allocations!$E$2:$E$201<=C$3)*(Allocations!$F$2:$F$201>=C$3)*Allocations!$D$2:$D$201)) | D5: =IF($A5="","",SUMPRODUCT((Allocations!$A$2:$A$201=$A5)*(Allocations!$E$2:$E$201<=D$3)*(Allocations!$F$2:$F$201>=D$3)*Allocations!$D$2:$D$201)) | E5: =IF($A5="","",SUMPRODUCT((Allocations!$A$2:$A$201=$A5)*(Allocations!$E$2:$E$201<=E$3)*(Allocations!$F$2:$F$201>=E$3)*Allocations!$D$2:$D$201)) | F5: =IF($A5="","",SUMPRODUCT((Allocations!$A$2:$A$201=$A5)*(Allocations!$E$2:$E$201<=F$3)*(Allocations!$F$2:$F$201>=F$3)*Allocations!$D$2:$D$201)) | G5: =IF($A5="","",SUMPRODUCT((Allocations!$A$2:$A$201=$A5)*(Allocations!$E$2:$E$201<=G$3)*(Allocations!$F$2:$F$201>=G$3)*Allocations!$D$2:$D$201)) | H5: =IF($A5="","",SUMPRODUCT((Allocations!$A$2:$A$201=$A5)*(Allocations!$E$2:$E$201<=H$3)*(Allocations!$F$2:$F$201>=H$3)*Allocations!$D$2:$D$201)) | I5: =IF($A5="","",SUMPRODUCT((Allocations!$A$2:$A$201=$A5)*(Allocations!$E$2:$E$201<=I$3)*(Allocations!$F$2:$F$201>=I$3)*Allocations!$D$2:$D$201)) | J5: =IF($A5="","",SUMPRODUCT((Allocations!$A$2:$A$201=$A5)*(Allocations!$E$2:$E$201<=J$3)*(Allocations!$F$2:$F$201>=J$3)*Allocations!$D$2:$D$201)) | ... AL5: =IF($A5="","",SUMPRODUCT((Allocations!$A$2:$A$201=$A5)*(Allocations!$E$2:$E$201<=AL$3)*(Allocations!$F$2:$F$201>=AL$3)*Allocations!$D$2:$D$201))
A6: =IF(Staff!A4="","",Staff!A4) | B6: =IF(Staff!A4="","",Staff!C4) | C6: =IF($A6="","",SUMPRODUCT((Allocations!$A$2:$A$201=$A6)*(Allocations!$E$2:$E$201<=C$3)*(Allocations!$F$2:$F$201>=C$3)*Allocations!$D$2:$D$201)) | D6: =IF($A6="","",SUMPRODUCT((Allocations!$A$2:$A$201=$A6)*(Allocations!$E$2:$E$201<=D$3)*(Allocations!$F$2:$F$201>=D$3)*Allocations!$D$2:$D$201)) | E6: =IF($A6="","",SUMPRODUCT((Allocations!$A$2:$A$201=$A6)*(Allocations!$E$2:$E$201<=E$3)*(Allocations!$F$2:$F$201>=E$3)*Allocations!$D$2:$D$201)) | F6: =IF($A6="","",SUMPRODUCT((Allocations!$A$2:$A$201=$A6)*(Allocations!$E$2:$E$201<=F$3)*(Allocations!$F$2:$F$201>=F$3)*Allocations!$D$2:$D$201)) | G6: =IF($A6="","",SUMPRODUCT((Allocations!$A$2:$A$201=$A6)*(Allocations!$E$2:$E$201<=G$3)*(Allocations!$F$2:$F$201>=G$3)*Allocations!$D$2:$D$201)) | H6: =IF($A6="","",SUMPRODUCT((Allocations!$A$2:$A$201=$A6)*(Allocations!$E$2:$E$201<=H$3)*(Allocations!$F$2:$F$201>=H$3)*Allocations!$D$2:$D$201)) | I6: =IF($A6="","",SUMPRODUCT((Allocations!$A$2:$A$201=$A6)*(Allocations!$E$2:$E$201<=I$3)*(Allocations!$F$2:$F$201>=I$3)*Allocations!$D$2:$D$201)) | J6: =IF($A6="","",SUMPRODUCT((Allocations!$A$2:$A$201=$A6)*(Allocations!$E$2:$E$201<=J$3)*(Allocations!$F$2:$F$201>=J$3)*Allocations!$D$2:$D$201)) | ... AL6: =IF($A6="","",SUMPRODUCT((Allocations!$A$2:$A$201=$A6)*(Allocations!$E$2:$E$201<=AL$3)*(Allocations!$F$2:$F$201>=AL$3)*Allocations!$D$2:$D$201))
A7: =IF(Staff!A5="","",Staff!A5) | B7: =IF(Staff!A5="","",Staff!C5) | C7: =IF($A7="","",SUMPRODUCT((Allocations!$A$2:$A$201=$A7)*(Allocations!$E$2:$E$201<=C$3)*(Allocations!$F$2:$F$201>=C$3)*Allocations!$D$2:$D$201)) | D7: =IF($A7="","",SUMPRODUCT((Allocations!$A$2:$A$201=$A7)*(Allocations!$E$2:$E$201<=D$3)*(Allocations!$F$2:$F$201>=D$3)*Allocations!$D$2:$D$201)) | E7: =IF($A7="","",SUMPRODUCT((Allocations!$A$2:$A$201=$A7)*(Allocations!$E$2:$E$201<=E$3)*(Allocations!$F$2:$F$201>=E$3)*Allocations!$D$2:$D$201)) | F7: =IF($A7="","",SUMPRODUCT((Allocations!$A$2:$A$201=$A7)*(Allocations!$E$2:$E$201<=F$3)*(Allocations!$F$2:$F$201>=F$3)*Allocations!$D$2:$D$201)) | G7: =IF($A7="","",SUMPRODUCT((Allocations!$A$2:$A$201=$A7)*(Allocations!$E$2:$E$201<=G$3)*(Allocations!$F$2:$F$201>=G$3)*Allocations!$D$2:$D$201)) | H7: =IF($A7="","",SUMPRODUCT((Allocations!$A$2:$A$201=$A7)*(Allocations!$E$2:$E$201<=H$3)*(Allocations!$F$2:$F$201>=H$3)*Allocations!$D$2:$D$201)) | I7: =IF($A7="","",SUMPRODUCT((Allocations!$A$2:$A$201=$A7)*(Allocations!$E$2:$E$201<=I$3)*(Allocations!$F$2:$F$201>=I$3)*Allocations!$D$2:$D$201)) | J7: =IF($A7="","",SUMPRODUCT((Allocations!$A$2:$A$201=$A7)*(Allocations!$E$2:$E$201<=J$3)*(Allocations!$F$2:$F$201>=J$3)*Allocations!$D$2:$D$201)) | ... AL7: =IF($A7="","",SUMPRODUCT((Allocations!$A$2:$A$201=$A7)*(Allocations!$E$2:$E$201<=AL$3)*(Allocations!$F$2:$F$201>=AL$3)*Allocations!$D$2:$D$201))
A8: =IF(Staff!A6="","",Staff!A6) | B8: =IF(Staff!A6="","",Staff!C6) | C8: =IF($A8="","",SUMPRODUCT((Allocations!$A$2:$A$201=$A8)*(Allocations!$E$2:$E$201<=C$3)*(Allocations!$F$2:$F$201>=C$3)*Allocations!$D$2:$D$201)) | D8: =IF($A8="","",SUMPRODUCT((Allocations!$A$2:$A$201=$A8)*(Allocations!$E$2:$E$201<=D$3)*(Allocations!$F$2:$F$201>=D$3)*Allocations!$D$2:$D$201)) | E8: =IF($A8="","",SUMPRODUCT((Allocations!$A$2:$A$201=$A8)*(Allocations!$E$2:$E$201<=E$3)*(Allocations!$F$2:$F$201>=E$3)*Allocations!$D$2:$D$201)) | F8: =IF($A8="","",SUMPRODUCT((Allocations!$A$2:$A$201=$A8)*(Allocations!$E$2:$E$201<=F$3)*(Allocations!$F$2:$F$201>=F$3)*Allocations!$D$2:$D$201)) | G8: =IF($A8="","",SUMPRODUCT((Allocations!$A$2:$A$201=$A8)*(Allocations!$E$2:$E$201<=G$3)*(Allocations!$F$2:$F$201>=G$3)*Allocations!$D$2:$D$201)) | H8: =IF($A8="","",SUMPRODUCT((Allocations!$A$2:$A$201=$A8)*(Allocations!$E$2:$E$201<=H$3)*(Allocations!$F$2:$F$201>=H$3)*Allocations!$D$2:$D$201)) | I8: =IF($A8="","",SUMPRODUCT((Allocations!$A$2:$A$201=$A8)*(Allocations!$E$2:$E$201<=I$3)*(Allocations!$F$2:$F$201>=I$3)*Allocations!$D$2:$D$201)) | J8: =IF($A8="","",SUMPRODUCT((Allocations!$A$2:$A$201=$A8)*(Allocations!$E$2:$E$201<=J$3)*(Allocations!$F$2:$F$201>=J$3)*Allocations!$D$2:$D$201)) | ... AL8: =IF($A8="","",SUMPRODUCT((Allocations!$A$2:$A$201=$A8)*(Allocations!$E$2:$E$201<=AL$3)*(Allocations!$F$2:$F$201>=AL$3)*Allocations!$D$2:$D$201))
A9: =IF(Staff!A7="","",Staff!A7) | B9: =IF(Staff!A7="","",Staff!C7) | C9: =IF($A9="","",SUMPRODUCT((Allocations!$A$2:$A$201=$A9)*(Allocations!$E$2:$E$201<=C$3)*(Allocations!$F$2:$F$201>=C$3)*Allocations!$D$2:$D$201)) | D9: =IF($A9="","",SUMPRODUCT((Allocations!$A$2:$A$201=$A9)*(Allocations!$E$2:$E$201<=D$3)*(Allocations!$F$2:$F$201>=D$3)*Allocations!$D$2:$D$201)) | E9: =IF($A9="","",SUMPRODUCT((Allocations!$A$2:$A$201=$A9)*(Allocations!$E$2:$E$201<=E$3)*(Allocations!$F$2:$F$201>=E$3)*Allocations!$D$2:$D$201)) | F9: =IF($A9="","",SUMPRODUCT((Allocations!$A$2:$A$201=$A9)*(Allocations!$E$2:$E$201<=F$3)*(Allocations!$F$2:$F$201>=F$3)*Allocations!$D$2:$D$201)) | G9: =IF($A9="","",SUMPRODUCT((Allocations!$A$2:$A$201=$A9)*(Allocations!$E$2:$E$201<=G$3)*(Allocations!$F$2:$F$201>=G$3)*Allocations!$D$2:$D$201)) | H9: =IF($A9="","",SUMPRODUCT((Allocations!$A$2:$A$201=$A9)*(Allocations!$E$2:$E$201<=H$3)*(Allocations!$F$2:$F$201>=H$3)*Allocations!$D$2:$D$201)) | I9: =IF($A9="","",SUMPRODUCT((Allocations!$A$2:$A$201=$A9)*(Allocations!$E$2:$E$201<=I$3)*(Allocations!$F$2:$F$201>=I$3)*Allocations!$D$2:$D$201)) | J9: =IF($A9="","",SUMPRODUCT((Allocations!$A$2:$A$201=$A9)*(Allocations!$E$2:$E$201<=J$3)*(Allocations!$F$2:$F$201>=J$3)*Allocations!$D$2:$D$201)) | ... AL9: =IF($A9="","",SUMPRODUCT((Allocations!$A$2:$A$201=$A9)*(Allocations!$E$2:$E$201<=AL$3)*(Allocations!$F$2:$F$201>=AL$3)*Allocations!$D$2:$D$201))
A10: =IF(Staff!A8="","",Staff!A8) | B10: =IF(Staff!A8="","",Staff!C8) | C10: =IF($A10="","",SUMPRODUCT((Allocations!$A$2:$A$201=$A10)*(Allocations!$E$2:$E$201<=C$3)*(Allocations!$F$2:$F$201>=C$3)*Allocations!$D$2:$D$201)) | D10: =IF($A10="","",SUMPRODUCT((Allocations!$A$2:$A$201=$A10)*(Allocations!$E$2:$E$201<=D$3)*(Allocations!$F$2:$F$201>=D$3)*Allocations!$D$2:$D$201)) | E10: =IF($A10="","",SUMPRODUCT((Allocations!$A$2:$A$201=$A10)*(Allocations!$E$2:$E$201<=E$3)*(Allocations!$F$2:$F$201>=E$3)*Allocations!$D$2:$D$201)) | F10: =IF($A10="","",SUMPRODUCT((Allocations!$A$2:$A$201=$A10)*(Allocations!$E$2:$E$201<=F$3)*(Allocations!$F$2:$F$201>=F$3)*Allocations!$D$2:$D$201)) | G10: =IF($A10="","",SUMPRODUCT((Allocations!$A$2:$A$201=$A10)*(Allocations!$E$2:$E$201<=G$3)*(Allocations!$F$2:$F$201>=G$3)*Allocations!$D$2:$D$201)) | H10: =IF($A10="","",SUMPRODUCT((Allocations!$A$2:$A$201=$A10)*(Allocations!$E$2:$E$201<=H$3)*(Allocations!$F$2:$F$201>=H$3)*Allocations!$D$2:$D$201)) | I10: =IF($A10="","",SUMPRODUCT((Allocations!$A$2:$A$201=$A10)*(Allocations!$E$2:$E$201<=I$3)*(Allocations!$F$2:$F$201>=I$3)*Allocations!$D$2:$D$201)) | J10: =IF($A10="","",SUMPRODUCT((Allocations!$A$2:$A$201=$A10)*(Allocations!$E$2:$E$201<=J$3)*(Allocations!$F$2:$F$201>=J$3)*Allocations!$D$2:$D$201)) | ... AL10: =IF($A10="","",SUMPRODUCT((Allocations!$A$2:$A$201=$A10)*(Allocations!$E$2:$E$201<=AL$3)*(Allocations!$F$2:$F$201>=AL$3)*Allocations!$D$2:$D$201))
A11: =IF(Staff!A9="","",Staff!A9) | B11: =IF(Staff!A9="","",Staff!C9) | C11: =IF($A11="","",SUMPRODUCT((Allocations!$A$2:$A$201=$A11)*(Allocations!$E$2:$E$201<=C$3)*(Allocations!$F$2:$F$201>=C$3)*Allocations!$D$2:$D$201)) | D11: =IF($A11="","",SUMPRODUCT((Allocations!$A$2:$A$201=$A11)*(Allocations!$E$2:$E$201<=D$3)*(Allocations!$F$2:$F$201>=D$3)*Allocations!$D$2:$D$201)) | E11: =IF($A11="","",SUMPRODUCT((Allocations!$A$2:$A$201=$A11)*(Allocations!$E$2:$E$201<=E$3)*(Allocations!$F$2:$F$201>=E$3)*Allocations!$D$2:$D$201)) | F11: =IF($A11="","",SUMPRODUCT((Allocations!$A$2:$A$201=$A11)*(Allocations!$E$2:$E$201<=F$3)*(Allocations!$F$2:$F$201>=F$3)*Allocations!$D$2:$D$201)) | G11: =IF($A11="","",SUMPRODUCT((Allocations!$A$2:$A$201=$A11)*(Allocations!$E$2:$E$201<=G$3)*(Allocations!$F$2:$F$201>=G$3)*Allocations!$D$2:$D$201)) | H11: =IF($A11="","",SUMPRODUCT((Allocations!$A$2:$A$201=$A11)*(Allocations!$E$2:$E$201<=H$3)*(Allocations!$F$2:$F$201>=H$3)*Allocations!$D$2:$D$201)) | I11: =IF($A11="","",SUMPRODUCT((Allocations!$A$2:$A$201=$A11)*(Allocations!$E$2:$E$201<=I$3)*(Allocations!$F$2:$F$201>=I$3)*Allocations!$D$2:$D$201)) | J11: =IF($A11="","",SUMPRODUCT((Allocations!$A$2:$A$201=$A11)*(Allocations!$E$2:$E$201<=J$3)*(Allocations!$F$2:$F$201>=J$3)*Allocations!$D$2:$D$201)) | ... AL11: =IF($A11="","",SUMPRODUCT((Allocations!$A$2:$A$201=$A11)*(Allocations!$E$2:$E$201<=AL$3)*(Allocations!$F$2:$F$201>=AL$3)*Allocations!$D$2:$D$201))
A12: =IF(Staff!A10="","",Staff!A10) | B12: =IF(Staff!A10="","",Staff!C10) | C12: =IF($A12="","",SUMPRODUCT((Allocations!$A$2:$A$201=$A12)*(Allocations!$E$2:$E$201<=C$3)*(Allocations!$F$2:$F$201>=C$3)*Allocations!$D$2:$D$201)) | D12: =IF($A12="","",SUMPRODUCT((Allocations!$A$2:$A$201=$A12)*(Allocations!$E$2:$E$201<=D$3)*(Allocations!$F$2:$F$201>=D$3)*Allocations!$D$2:$D$201)) | E12: =IF($A12="","",SUMPRODUCT((Allocations!$A$2:$A$201=$A12)*(Allocations!$E$2:$E$201<=E$3)*(Allocations!$F$2:$F$201>=E$3)*Allocations!$D$2:$D$201)) | F12: =IF($A12="","",SUMPRODUCT((Allocations!$A$2:$A$201=$A12)*(Allocations!$E$2:$E$201<=F$3)*(Allocations!$F$2:$F$201>=F$3)*Allocations!$D$2:$D$201)) | G12: =IF($A12="","",SUMPRODUCT((Allocations!$A$2:$A$201=$A12)*(Allocations!$E$2:$E$201<=G$3)*(Allocations!$F$2:$F$201>=G$3)*Allocations!$D$2:$D$201)) | H12: =IF($A12="","",SUMPRODUCT((Allocations!$A$2:$A$201=$A12)*(Allocations!$E$2:$E$201<=H$3)*(Allocations!$F$2:$F$201>=H$3)*Allocations!$D$2:$D$201)) | I12: =IF($A12="","",SUMPRODUCT((Allocations!$A$2:$A$201=$A12)*(Allocations!$E$2:$E$201<=I$3)*(Allocations!$F$2:$F$201>=I$3)*Allocations!$D$2:$D$201)) | J12: =IF($A12="","",SUMPRODUCT((Allocations!$A$2:$A$201=$A12)*(Allocations!$E$2:$E$201<=J$3)*(Allocations!$F$2:$F$201>=J$3)*Allocations!$D$2:$D$201)) | ... AL12: =IF($A12="","",SUMPRODUCT((Allocations!$A$2:$A$201=$A12)*(Allocations!$E$2:$E$201<=AL$3)*(Allocations!$F$2:$F$201>=AL$3)*Allocations!$D$2:$D$201))
A13: =IF(Staff!A11="","",Staff!A11) | B13: =IF(Staff!A11="","",Staff!C11) | C13: =IF($A13="","",SUMPRODUCT((Allocations!$A$2:$A$201=$A13)*(Allocations!$E$2:$E$201<=C$3)*(Allocations!$F$2:$F$201>=C$3)*Allocations!$D$2:$D$201)) | D13: =IF($A13="","",SUMPRODUCT((Allocations!$A$2:$A$201=$A13)*(Allocations!$E$2:$E$201<=D$3)*(Allocations!$F$2:$F$201>=D$3)*Allocations!$D$2:$D$201)) | E13: =IF($A13="","",SUMPRODUCT((Allocations!$A$2:$A$201=$A13)*(Allocations!$E$2:$E$201<=E$3)*(Allocations!$F$2:$F$201>=E$3)*Allocations!$D$2:$D$201)) | F13: =IF($A13="","",SUMPRODUCT((Allocations!$A$2:$A$201=$A13)*(Allocations!$E$2:$E$201<=F$3)*(Allocations!$F$2:$F$201>=F$3)*Allocations!$D$2:$D$201)) | G13: =IF($A13="","",SUMPRODUCT((Allocations!$A$2:$A$201=$A13)*(Allocations!$E$2:$E$201<=G$3)*(Allocations!$F$2:$F$201>=G$3)*Allocations!$D$2:$D$201)) | H13: =IF($A13="","",SUMPRODUCT((Allocations!$A$2:$A$201=$A13)*(Allocations!$E$2:$E$201<=H$3)*(Allocations!$F$2:$F$201>=H$3)*Allocations!$D$2:$D$201)) | I13: =IF($A13="","",SUMPRODUCT((Allocations!$A$2:$A$201=$A13)*(Allocations!$E$2:$E$201<=I$3)*(Allocations!$F$2:$F$201>=I$3)*Allocations!$D$2:$D$201)) | J13: =IF($A13="","",SUMPRODUCT((Allocations!$A$2:$A$201=$A13)*(Allocations!$E$2:$E$201<=J$3)*(Allocations!$F$2:$F$201>=J$3)*Allocations!$D$2:$D$201)) | ... AL13: =IF($A13="","",SUMPRODUCT((Allocations!$A$2:$A$201=$A13)*(Allocations!$E$2:$E$201<=AL$3)*(Allocations!$F$2:$F$201>=AL$3)*Allocations!$D$2:$D$201))
A14: =IF(Staff!A12="","",Staff!A12) | B14: =IF(Staff!A12="","",Staff!C12) | C14: =IF($A14="","",SUMPRODUCT((Allocations!$A$2:$A$201=$A14)*(Allocations!$E$2:$E$201<=C$3)*(Allocations!$F$2:$F$201>=C$3)*Allocations!$D$2:$D$201)) | D14: =IF($A14="","",SUMPRODUCT((Allocations!$A$2:$A$201=$A14)*(Allocations!$E$2:$E$201<=D$3)*(Allocations!$F$2:$F$201>=D$3)*Allocations!$D$2:$D$201)) | E14: =IF($A14="","",SUMPRODUCT((Allocations!$A$2:$A$201=$A14)*(Allocations!$E$2:$E$201<=E$3)*(Allocations!$F$2:$F$201>=E$3)*Allocations!$D$2:$D$201)) | F14: =IF($A14="","",SUMPRODUCT((Allocations!$A$2:$A$201=$A14)*(Allocations!$E$2:$E$201<=F$3)*(Allocations!$F$2:$F$201>=F$3)*Allocations!$D$2:$D$201)) | G14: =IF($A14="","",SUMPRODUCT((Allocations!$A$2:$A$201=$A14)*(Allocations!$E$2:$E$201<=G$3)*(Allocations!$F$2:$F$201>=G$3)*Allocations!$D$2:$D$201)) | H14: =IF($A14="","",SUMPRODUCT((Allocations!$A$2:$A$201=$A14)*(Allocations!$E$2:$E$201<=H$3)*(Allocations!$F$2:$F$201>=H$3)*Allocations!$D$2:$D$201)) | I14: =IF($A14="","",SUMPRODUCT((Allocations!$A$2:$A$201=$A14)*(Allocations!$E$2:$E$201<=I$3)*(Allocations!$F$2:$F$201>=I$3)*Allocations!$D$2:$D$201)) | J14: =IF($A14="","",SUMPRODUCT((Allocations!$A$2:$A$201=$A14)*(Allocations!$E$2:$E$201<=J$3)*(Allocations!$F$2:$F$201>=J$3)*Allocations!$D$2:$D$201)) | ... AL14: =IF($A14="","",SUMPRODUCT((Allocations!$A$2:$A$201=$A14)*(Allocations!$E$2:$E$201<=AL$3)*(Allocations!$F$2:$F$201>=AL$3)*Allocations!$D$2:$D$201))
A15: =IF(Staff!A13="","",Staff!A13) | B15: =IF(Staff!A13="","",Staff!C13) | C15: =IF($A15="","",SUMPRODUCT((Allocations!$A$2:$A$201=$A15)*(Allocations!$E$2:$E$201<=C$3)*(Allocations!$F$2:$F$201>=C$3)*Allocations!$D$2:$D$201)) | D15: =IF($A15="","",SUMPRODUCT((Allocations!$A$2:$A$201=$A15)*(Allocations!$E$2:$E$201<=D$3)*(Allocations!$F$2:$F$201>=D$3)*Allocations!$D$2:$D$201)) | E15: =IF($A15="","",SUMPRODUCT((Allocations!$A$2:$A$201=$A15)*(Allocations!$E$2:$E$201<=E$3)*(Allocations!$F$2:$F$201>=E$3)*Allocations!$D$2:$D$201)) | F15: =IF($A15="","",SUMPRODUCT((Allocations!$A$2:$A$201=$A15)*(Allocations!$E$2:$E$201<=F$3)*(Allocations!$F$2:$F$201>=F$3)*Allocations!$D$2:$D$201)) | G15: =IF($A15="","",SUMPRODUCT((Allocations!$A$2:$A$201=$A15)*(Allocations!$E$2:$E$201<=G$3)*(Allocations!$F$2:$F$201>=G$3)*Allocations!$D$2:$D$201)) | H15: =IF($A15="","",SUMPRODUCT((Allocations!$A$2:$A$201=$A15)*(Allocations!$E$2:$E$201<=H$3)*(Allocations!$F$2:$F$201>=H$3)*Allocations!$D$2:$D$201)) | I15: =IF($A15="","",SUMPRODUCT((Allocations!$A$2:$A$201=$A15)*(Allocations!$E$2:$E$201<=I$3)*(Allocations!$F$2:$F$201>=I$3)*Allocations!$D$2:$D$201)) | J15: =IF($A15="","",SUMPRODUCT((Allocations!$A$2:$A$201=$A15)*(Allocations!$E$2:$E$201<=J$3)*(Allocations!$F$2:$F$201>=J$3)*Allocations!$D$2:$D$201)) | ... AL15: =IF($A15="","",SUMPRODUCT((Allocations!$A$2:$A$201=$A15)*(Allocations!$E$2:$E$201<=AL$3)*(Allocations!$F$2:$F$201>=AL$3)*Allocations!$D$2:$D$201))
... A23: =IF(Staff!A21="","",Staff!A21) | B23: =IF(Staff!A21="","",Staff!C21) | C23: =IF($A23="","",SUMPRODUCT((Allocations!$A$2:$A$201=$A23)*(Allocations!$E$2:$E$201<=C$3)*(Allocations!$F$2:$F$201>=C$3)*Allocations!$D$2:$D$201)) | D23: =IF($A23="","",SUMPRODUCT((Allocations!$A$2:$A$201=$A23)*(Allocations!$E$2:$E$201<=D$3)*(Allocations!$F$2:$F$201>=D$3)*Allocations!$D$2:$D$201)) | E23: =IF($A23="","",SUMPRODUCT((Allocations!$A$2:$A$201=$A23)*(Allocations!$E$2:$E$201<=E$3)*(Allocations!$F$2:$F$201>=E$3)*Allocations!$D$2:$D$201)) | F23: =IF($A23="","",SUMPRODUCT((Allocations!$A$2:$A$201=$A23)*(Allocations!$E$2:$E$201<=F$3)*(Allocations!$F$2:$F$201>=F$3)*Allocations!$D$2:$D$201)) | G23: =IF($A23="","",SUMPRODUCT((Allocations!$A$2:$A$201=$A23)*(Allocations!$E$2:$E$201<=G$3)*(Allocations!$F$2:$F$201>=G$3)*Allocations!$D$2:$D$201)) | H23: =IF($A23="","",SUMPRODUCT((Allocations!$A$2:$A$201=$A23)*(Allocations!$E$2:$E$201<=H$3)*(Allocations!$F$2:$F$201>=H$3)*Allocations!$D$2:$D$201)) | I23: =IF($A23="","",SUMPRODUCT((Allocations!$A$2:$A$201=$A23)*(Allocations!$E$2:$E$201<=I$3)*(Allocations!$F$2:$F$201>=I$3)*Allocations!$D$2:$D$201)) | J23: =IF($A23="","",SUMPRODUCT((Allocations!$A$2:$A$201=$A23)*(Allocations!$E$2:$E$201<=J$3)*(Allocations!$F$2:$F$201>=J$3)*Allocations!$D$2:$D$201)) | ... AL23: =IF($A23="","",SUMPRODUCT((Allocations!$A$2:$A$201=$A23)*(Allocations!$E$2:$E$201<=AL$3)*(Allocations!$F$2:$F$201>=AL$3)*Allocations!$D$2:$D$201))

Sheet Project cost
A1: Project | B1: Staff budget | C1: =EDATE('Monthly load'!$B$1,0) | D1: =EDATE('Monthly load'!$B$1,1) | E1: =EDATE('Monthly load'!$B$1,2) | F1: =EDATE('Monthly load'!$B$1,3) | G1: =EDATE('Monthly load'!$B$1,4) | H1: =EDATE('Monthly load'!$B$1,5) | I1: =EDATE('Monthly load'!$B$1,6) | J1: =EDATE('Monthly load'!$B$1,7) | K1: =EDATE('Monthly load'!$B$1,8) | L1: =EDATE('Monthly load'!$B$1,9) | M1: =EDATE('Monthly load'!$B$1,10) | N1: =EDATE('Monthly load'!$B$1,11) | O1: =EDATE('Monthly load'!$B$1,12) | P1: =EDATE('Monthly load'!$B$1,13) | Q1: =EDATE('Monthly load'!$B$1,14) | R1: =EDATE('Monthly load'!$B$1,15) | S1: =EDATE('Monthly load'!$B$1,16) | T1: =EDATE('Monthly load'!$B$1,17) | U1: =EDATE('Monthly load'!$B$1,18) | V1: =EDATE('Monthly load'!$B$1,19) | W1: =EDATE('Monthly load'!$B$1,20) | X1: =EDATE('Monthly load'!$B$1,21) | Y1: =EDATE('Monthly load'!$B$1,22) | Z1: =EDATE('Monthly load'!$B$1,23) | AA1: =EDATE('Monthly load'!$B$1,24) | AB1: =EDATE('Monthly load'!$B$1,25) | AC1: =EDATE('Monthly load'!$B$1,26) | AD1: =EDATE('Monthly load'!$B$1,27) | AE1: =EDATE('Monthly load'!$B$1,28) | AF1: =EDATE('Monthly load'!$B$1,29) | AG1: =EDATE('Monthly load'!$B$1,30) | AH1: =EDATE('Monthly load'!$B$1,31) | AI1: =EDATE('Monthly load'!$B$1,32) | AJ1: =EDATE('Monthly load'!$B$1,33) | AK1: =EDATE('Monthly load'!$B$1,34) | AL1: =EDATE('Monthly load'!$B$1,35) | AM1: Total | AN1: Left
A2: =IF(Projects!A2="","",Projects!A2) | B2: =IF(Projects!A2="","",Projects!E2) | C2: =IF($A2="","",SUMPRODUCT((Allocations!$B$2:$B$201=$A2)*(Allocations!$E$2:$E$201<=C$1)*(Allocations!$F$2:$F$201>=C$1)*Allocations!$H$2:$H$201)) | D2: =IF($A2="","",SUMPRODUCT((Allocations!$B$2:$B$201=$A2)*(Allocations!$E$2:$E$201<=D$1)*(Allocations!$F$2:$F$201>=D$1)*Allocations!$H$2:$H$201)) | E2: =IF($A2="","",SUMPRODUCT((Allocations!$B$2:$B$201=$A2)*(Allocations!$E$2:$E$201<=E$1)*(Allocations!$F$2:$F$201>=E$1)*Allocations!$H$2:$H$201)) | F2: =IF($A2="","",SUMPRODUCT((Allocations!$B$2:$B$201=$A2)*(Allocations!$E$2:$E$201<=F$1)*(Allocations!$F$2:$F$201>=F$1)*Allocations!$H$2:$H$201)) | G2: =IF($A2="","",SUMPRODUCT((Allocations!$B$2:$B$201=$A2)*(Allocations!$E$2:$E$201<=G$1)*(Allocations!$F$2:$F$201>=G$1)*Allocations!$H$2:$H$201)) | H2: =IF($A2="","",SUMPRODUCT((Allocations!$B$2:$B$201=$A2)*(Allocations!$E$2:$E$201<=H$1)*(Allocations!$F$2:$F$201>=H$1)*Allocations!$H$2:$H$201)) | I2: =IF($A2="","",SUMPRODUCT((Allocations!$B$2:$B$201=$A2)*(Allocations!$E$2:$E$201<=I$1)*(Allocations!$F$2:$F$201>=I$1)*Allocations!$H$2:$H$201)) | J2: =IF($A2="","",SUMPRODUCT((Allocations!$B$2:$B$201=$A2)*(Allocations!$E$2:$E$201<=J$1)*(Allocations!$F$2:$F$201>=J$1)*Allocations!$H$2:$H$201)) | ... AL2: =IF($A2="","",SUMPRODUCT((Allocations!$B$2:$B$201=$A2)*(Allocations!$E$2:$E$201<=AL$1)*(Allocations!$F$2:$F$201>=AL$1)*Allocations!$H$2:$H$201)) | AM2: =IF($A2="","",SUM(C2:AL2)) | AN2: =IF($A2="","",B2-AM2)
A3: =IF(Projects!A3="","",Projects!A3) | B3: =IF(Projects!A3="","",Projects!E3) | C3: =IF($A3="","",SUMPRODUCT((Allocations!$B$2:$B$201=$A3)*(Allocations!$E$2:$E$201<=C$1)*(Allocations!$F$2:$F$201>=C$1)*Allocations!$H$2:$H$201)) | D3: =IF($A3="","",SUMPRODUCT((Allocations!$B$2:$B$201=$A3)*(Allocations!$E$2:$E$201<=D$1)*(Allocations!$F$2:$F$201>=D$1)*Allocations!$H$2:$H$201)) | E3: =IF($A3="","",SUMPRODUCT((Allocations!$B$2:$B$201=$A3)*(Allocations!$E$2:$E$201<=E$1)*(Allocations!$F$2:$F$201>=E$1)*Allocations!$H$2:$H$201)) | F3: =IF($A3="","",SUMPRODUCT((Allocations!$B$2:$B$201=$A3)*(Allocations!$E$2:$E$201<=F$1)*(Allocations!$F$2:$F$201>=F$1)*Allocations!$H$2:$H$201)) | G3: =IF($A3="","",SUMPRODUCT((Allocations!$B$2:$B$201=$A3)*(Allocations!$E$2:$E$201<=G$1)*(Allocations!$F$2:$F$201>=G$1)*Allocations!$H$2:$H$201)) | H3: =IF($A3="","",SUMPRODUCT((Allocations!$B$2:$B$201=$A3)*(Allocations!$E$2:$E$201<=H$1)*(Allocations!$F$2:$F$201>=H$1)*Allocations!$H$2:$H$201)) | I3: =IF($A3="","",SUMPRODUCT((Allocations!$B$2:$B$201=$A3)*(Allocations!$E$2:$E$201<=I$1)*(Allocations!$F$2:$F$201>=I$1)*Allocations!$H$2:$H$201)) | J3: =IF($A3="","",SUMPRODUCT((Allocations!$B$2:$B$201=$A3)*(Allocations!$E$2:$E$201<=J$1)*(Allocations!$F$2:$F$201>=J$1)*Allocations!$H$2:$H$201)) | ... AL3: =IF($A3="","",SUMPRODUCT((Allocations!$B$2:$B$201=$A3)*(Allocations!$E$2:$E$201<=AL$1)*(Allocations!$F$2:$F$201>=AL$1)*Allocations!$H$2:$H$201)) | AM3: =IF($A3="","",SUM(C3:AL3)) | AN3: =IF($A3="","",B3-AM3)
A4: =IF(Projects!A4="","",Projects!A4) | B4: =IF(Projects!A4="","",Projects!E4) | C4: =IF($A4="","",SUMPRODUCT((Allocations!$B$2:$B$201=$A4)*(Allocations!$E$2:$E$201<=C$1)*(Allocations!$F$2:$F$201>=C$1)*Allocations!$H$2:$H$201)) | D4: =IF($A4="","",SUMPRODUCT((Allocations!$B$2:$B$201=$A4)*(Allocations!$E$2:$E$201<=D$1)*(Allocations!$F$2:$F$201>=D$1)*Allocations!$H$2:$H$201)) | E4: =IF($A4="","",SUMPRODUCT((Allocations!$B$2:$B$201=$A4)*(Allocations!$E$2:$E$201<=E$1)*(Allocations!$F$2:$F$201>=E$1)*Allocations!$H$2:$H$201)) | F4: =IF($A4="","",SUMPRODUCT((Allocations!$B$2:$B$201=$A4)*(Allocations!$E$2:$E$201<=F$1)*(Allocations!$F$2:$F$201>=F$1)*Allocations!$H$2:$H$201)) | G4: =IF($A4="","",SUMPRODUCT((Allocations!$B$2:$B$201=$A4)*(Allocations!$E$2:$E$201<=G$1)*(Allocations!$F$2:$F$201>=G$1)*Allocations!$H$2:$H$201)) | H4: =IF($A4="","",SUMPRODUCT((Allocations!$B$2:$B$201=$A4)*(Allocations!$E$2:$E$201<=H$1)*(Allocations!$F$2:$F$201>=H$1)*Allocations!$H$2:$H$201)) | I4: =IF($A4="","",SUMPRODUCT((Allocations!$B$2:$B$201=$A4)*(Allocations!$E$2:$E$201<=I$1)*(Allocations!$F$2:$F$201>=I$1)*Allocations!$H$2:$H$201)) | J4: =IF($A4="","",SUMPRODUCT((Allocations!$B$2:$B$201=$A4)*(Allocations!$E$2:$E$201<=J$1)*(Allocations!$F$2:$F$201>=J$1)*Allocations!$H$2:$H$201)) | ... AL4: =IF($A4="","",SUMPRODUCT((Allocations!$B$2:$B$201=$A4)*(Allocations!$E$2:$E$201<=AL$1)*(Allocations!$F$2:$F$201>=AL$1)*Allocations!$H$2:$H$201)) | AM4: =IF($A4="","",SUM(C4:AL4)) | AN4: =IF($A4="","",B4-AM4)
A5: =IF(Projects!A5="","",Projects!A5) | B5: =IF(Projects!A5="","",Projects!E5) | C5: =IF($A5="","",SUMPRODUCT((Allocations!$B$2:$B$201=$A5)*(Allocations!$E$2:$E$201<=C$1)*(Allocations!$F$2:$F$201>=C$1)*Allocations!$H$2:$H$201)) | D5: =IF($A5="","",SUMPRODUCT((Allocations!$B$2:$B$201=$A5)*(Allocations!$E$2:$E$201<=D$1)*(Allocations!$F$2:$F$201>=D$1)*Allocations!$H$2:$H$201)) | E5: =IF($A5="","",SUMPRODUCT((Allocations!$B$2:$B$201=$A5)*(Allocations!$E$2:$E$201<=E$1)*(Allocations!$F$2:$F$201>=E$1)*Allocations!$H$2:$H$201)) | F5: =IF($A5="","",SUMPRODUCT((Allocations!$B$2:$B$201=$A5)*(Allocations!$E$2:$E$201<=F$1)*(Allocations!$F$2:$F$201>=F$1)*Allocations!$H$2:$H$201)) | G5: =IF($A5="","",SUMPRODUCT((Allocations!$B$2:$B$201=$A5)*(Allocations!$E$2:$E$201<=G$1)*(Allocations!$F$2:$F$201>=G$1)*Allocations!$H$2:$H$201)) | H5: =IF($A5="","",SUMPRODUCT((Allocations!$B$2:$B$201=$A5)*(Allocations!$E$2:$E$201<=H$1)*(Allocations!$F$2:$F$201>=H$1)*Allocations!$H$2:$H$201)) | I5: =IF($A5="","",SUMPRODUCT((Allocations!$B$2:$B$201=$A5)*(Allocations!$E$2:$E$201<=I$1)*(Allocations!$F$2:$F$201>=I$1)*Allocations!$H$2:$H$201)) | J5: =IF($A5="","",SUMPRODUCT((Allocations!$B$2:$B$201=$A5)*(Allocations!$E$2:$E$201<=J$1)*(Allocations!$F$2:$F$201>=J$1)*Allocations!$H$2:$H$201)) | ... AL5: =IF($A5="","",SUMPRODUCT((Allocations!$B$2:$B$201=$A5)*(Allocations!$E$2:$E$201<=AL$1)*(Allocations!$F$2:$F$201>=AL$1)*Allocations!$H$2:$H$201)) | AM5: =IF($A5="","",SUM(C5:AL5)) | AN5: =IF($A5="","",B5-AM5)
A6: =IF(Projects!A6="","",Projects!A6) | B6: =IF(Projects!A6="","",Projects!E6) | C6: =IF($A6="","",SUMPRODUCT((Allocations!$B$2:$B$201=$A6)*(Allocations!$E$2:$E$201<=C$1)*(Allocations!$F$2:$F$201>=C$1)*Allocations!$H$2:$H$201)) | D6: =IF($A6="","",SUMPRODUCT((Allocations!$B$2:$B$201=$A6)*(Allocations!$E$2:$E$201<=D$1)*(Allocations!$F$2:$F$201>=D$1)*Allocations!$H$2:$H$201)) | E6: =IF($A6="","",SUMPRODUCT((Allocations!$B$2:$B$201=$A6)*(Allocations!$E$2:$E$201<=E$1)*(Allocations!$F$2:$F$201>=E$1)*Allocations!$H$2:$H$201)) | F6: =IF($A6="","",SUMPRODUCT((Allocations!$B$2:$B$201=$A6)*(Allocations!$E$2:$E$201<=F$1)*(Allocations!$F$2:$F$201>=F$1)*Allocations!$H$2:$H$201)) | G6: =IF($A6="","",SUMPRODUCT((Allocations!$B$2:$B$201=$A6)*(Allocations!$E$2:$E$201<=G$1)*(Allocations!$F$2:$F$201>=G$1)*Allocations!$H$2:$H$201)) | H6: =IF($A6="","",SUMPRODUCT((Allocations!$B$2:$B$201=$A6)*(Allocations!$E$2:$E$201<=H$1)*(Allocations!$F$2:$F$201>=H$1)*Allocations!$H$2:$H$201)) | I6: =IF($A6="","",SUMPRODUCT((Allocations!$B$2:$B$201=$A6)*(Allocations!$E$2:$E$201<=I$1)*(Allocations!$F$2:$F$201>=I$1)*Allocations!$H$2:$H$201)) | J6: =IF($A6="","",SUMPRODUCT((Allocations!$B$2:$B$201=$A6)*(Allocations!$E$2:$E$201<=J$1)*(Allocations!$F$2:$F$201>=J$1)*Allocations!$H$2:$H$201)) | ... AL6: =IF($A6="","",SUMPRODUCT((Allocations!$B$2:$B$201=$A6)*(Allocations!$E$2:$E$201<=AL$1)*(Allocations!$F$2:$F$201>=AL$1)*Allocations!$H$2:$H$201)) | AM6: =IF($A6="","",SUM(C6:AL6)) | AN6: =IF($A6="","",B6-AM6)
A7: =IF(Projects!A7="","",Projects!A7) | B7: =IF(Projects!A7="","",Projects!E7) | C7: =IF($A7="","",SUMPRODUCT((Allocations!$B$2:$B$201=$A7)*(Allocations!$E$2:$E$201<=C$1)*(Allocations!$F$2:$F$201>=C$1)*Allocations!$H$2:$H$201)) | D7: =IF($A7="","",SUMPRODUCT((Allocations!$B$2:$B$201=$A7)*(Allocations!$E$2:$E$201<=D$1)*(Allocations!$F$2:$F$201>=D$1)*Allocations!$H$2:$H$201)) | E7: =IF($A7="","",SUMPRODUCT((Allocations!$B$2:$B$201=$A7)*(Allocations!$E$2:$E$201<=E$1)*(Allocations!$F$2:$F$201>=E$1)*Allocations!$H$2:$H$201)) | F7: =IF($A7="","",SUMPRODUCT((Allocations!$B$2:$B$201=$A7)*(Allocations!$E$2:$E$201<=F$1)*(Allocations!$F$2:$F$201>=F$1)*Allocations!$H$2:$H$201)) | G7: =IF($A7="","",SUMPRODUCT((Allocations!$B$2:$B$201=$A7)*(Allocations!$E$2:$E$201<=G$1)*(Allocations!$F$2:$F$201>=G$1)*Allocations!$H$2:$H$201)) | H7: =IF($A7="","",SUMPRODUCT((Allocations!$B$2:$B$201=$A7)*(Allocations!$E$2:$E$201<=H$1)*(Allocations!$F$2:$F$201>=H$1)*Allocations!$H$2:$H$201)) | I7: =IF($A7="","",SUMPRODUCT((Allocations!$B$2:$B$201=$A7)*(Allocations!$E$2:$E$201<=I$1)*(Allocations!$F$2:$F$201>=I$1)*Allocations!$H$2:$H$201)) | J7: =IF($A7="","",SUMPRODUCT((Allocations!$B$2:$B$201=$A7)*(Allocations!$E$2:$E$201<=J$1)*(Allocations!$F$2:$F$201>=J$1)*Allocations!$H$2:$H$201)) | ... AL7: =IF($A7="","",SUMPRODUCT((Allocations!$B$2:$B$201=$A7)*(Allocations!$E$2:$E$201<=AL$1)*(Allocations!$F$2:$F$201>=AL$1)*Allocations!$H$2:$H$201)) | AM7: =IF($A7="","",SUM(C7:AL7)) | AN7: =IF($A7="","",B7-AM7)
A8: =IF(Projects!A8="","",Projects!A8) | B8: =IF(Projects!A8="","",Projects!E8) | C8: =IF($A8="","",SUMPRODUCT((Allocations!$B$2:$B$201=$A8)*(Allocations!$E$2:$E$201<=C$1)*(Allocations!$F$2:$F$201>=C$1)*Allocations!$H$2:$H$201)) | D8: =IF($A8="","",SUMPRODUCT((Allocations!$B$2:$B$201=$A8)*(Allocations!$E$2:$E$201<=D$1)*(Allocations!$F$2:$F$201>=D$1)*Allocations!$H$2:$H$201)) | E8: =IF($A8="","",SUMPRODUCT((Allocations!$B$2:$B$201=$A8)*(Allocations!$E$2:$E$201<=E$1)*(Allocations!$F$2:$F$201>=E$1)*Allocations!$H$2:$H$201)) | F8: =IF($A8="","",SUMPRODUCT((Allocations!$B$2:$B$201=$A8)*(Allocations!$E$2:$E$201<=F$1)*(Allocations!$F$2:$F$201>=F$1)*Allocations!$H$2:$H$201)) | G8: =IF($A8="","",SUMPRODUCT((Allocations!$B$2:$B$201=$A8)*(Allocations!$E$2:$E$201<=G$1)*(Allocations!$F$2:$F$201>=G$1)*Allocations!$H$2:$H$201)) | H8: =IF($A8="","",SUMPRODUCT((Allocations!$B$2:$B$201=$A8)*(Allocations!$E$2:$E$201<=H$1)*(Allocations!$F$2:$F$201>=H$1)*Allocations!$H$2:$H$201)) | I8: =IF($A8="","",SUMPRODUCT((Allocations!$B$2:$B$201=$A8)*(Allocations!$E$2:$E$201<=I$1)*(Allocations!$F$2:$F$201>=I$1)*Allocations!$H$2:$H$201)) | J8: =IF($A8="","",SUMPRODUCT((Allocations!$B$2:$B$201=$A8)*(Allocations!$E$2:$E$201<=J$1)*(Allocations!$F$2:$F$201>=J$1)*Allocations!$H$2:$H$201)) | ... AL8: =IF($A8="","",SUMPRODUCT((Allocations!$B$2:$B$201=$A8)*(Allocations!$E$2:$E$201<=AL$1)*(Allocations!$F$2:$F$201>=AL$1)*Allocations!$H$2:$H$201)) | AM8: =IF($A8="","",SUM(C8:AL8)) | AN8: =IF($A8="","",B8-AM8)
A9: =IF(Projects!A9="","",Projects!A9) | B9: =IF(Projects!A9="","",Projects!E9) | C9: =IF($A9="","",SUMPRODUCT((Allocations!$B$2:$B$201=$A9)*(Allocations!$E$2:$E$201<=C$1)*(Allocations!$F$2:$F$201>=C$1)*Allocations!$H$2:$H$201)) | D9: =IF($A9="","",SUMPRODUCT((Allocations!$B$2:$B$201=$A9)*(Allocations!$E$2:$E$201<=D$1)*(Allocations!$F$2:$F$201>=D$1)*Allocations!$H$2:$H$201)) | E9: =IF($A9="","",SUMPRODUCT((Allocations!$B$2:$B$201=$A9)*(Allocations!$E$2:$E$201<=E$1)*(Allocations!$F$2:$F$201>=E$1)*Allocations!$H$2:$H$201)) | F9: =IF($A9="","",SUMPRODUCT((Allocations!$B$2:$B$201=$A9)*(Allocations!$E$2:$E$201<=F$1)*(Allocations!$F$2:$F$201>=F$1)*Allocations!$H$2:$H$201)) | G9: =IF($A9="","",SUMPRODUCT((Allocations!$B$2:$B$201=$A9)*(Allocations!$E$2:$E$201<=G$1)*(Allocations!$F$2:$F$201>=G$1)*Allocations!$H$2:$H$201)) | H9: =IF($A9="","",SUMPRODUCT((Allocations!$B$2:$B$201=$A9)*(Allocations!$E$2:$E$201<=H$1)*(Allocations!$F$2:$F$201>=H$1)*Allocations!$H$2:$H$201)) | I9: =IF($A9="","",SUMPRODUCT((Allocations!$B$2:$B$201=$A9)*(Allocations!$E$2:$E$201<=I$1)*(Allocations!$F$2:$F$201>=I$1)*Allocations!$H$2:$H$201)) | J9: =IF($A9="","",SUMPRODUCT((Allocations!$B$2:$B$201=$A9)*(Allocations!$E$2:$E$201<=J$1)*(Allocations!$F$2:$F$201>=J$1)*Allocations!$H$2:$H$201)) | ... AL9: =IF($A9="","",SUMPRODUCT((Allocations!$B$2:$B$201=$A9)*(Allocations!$E$2:$E$201<=AL$1)*(Allocations!$F$2:$F$201>=AL$1)*Allocations!$H$2:$H$201)) | AM9: =IF($A9="","",SUM(C9:AL9)) | AN9: =IF($A9="","",B9-AM9)
A10: =IF(Projects!A10="","",Projects!A10) | B10: =IF(Projects!A10="","",Projects!E10) | C10: =IF($A10="","",SUMPRODUCT((Allocations!$B$2:$B$201=$A10)*(Allocations!$E$2:$E$201<=C$1)*(Allocations!$F$2:$F$201>=C$1)*Allocations!$H$2:$H$201)) | D10: =IF($A10="","",SUMPRODUCT((Allocations!$B$2:$B$201=$A10)*(Allocations!$E$2:$E$201<=D$1)*(Allocations!$F$2:$F$201>=D$1)*Allocations!$H$2:$H$201)) | E10: =IF($A10="","",SUMPRODUCT((Allocations!$B$2:$B$201=$A10)*(Allocations!$E$2:$E$201<=E$1)*(Allocations!$F$2:$F$201>=E$1)*Allocations!$H$2:$H$201)) | F10: =IF($A10="","",SUMPRODUCT((Allocations!$B$2:$B$201=$A10)*(Allocations!$E$2:$E$201<=F$1)*(Allocations!$F$2:$F$201>=F$1)*Allocations!$H$2:$H$201)) | G10: =IF($A10="","",SUMPRODUCT((Allocations!$B$2:$B$201=$A10)*(Allocations!$E$2:$E$201<=G$1)*(Allocations!$F$2:$F$201>=G$1)*Allocations!$H$2:$H$201)) | H10: =IF($A10="","",SUMPRODUCT((Allocations!$B$2:$B$201=$A10)*(Allocations!$E$2:$E$201<=H$1)*(Allocations!$F$2:$F$201>=H$1)*Allocations!$H$2:$H$201)) | I10: =IF($A10="","",SUMPRODUCT((Allocations!$B$2:$B$201=$A10)*(Allocations!$E$2:$E$201<=I$1)*(Allocations!$F$2:$F$201>=I$1)*Allocations!$H$2:$H$201)) | J10: =IF($A10="","",SUMPRODUCT((Allocations!$B$2:$B$201=$A10)*(Allocations!$E$2:$E$201<=J$1)*(Allocations!$F$2:$F$201>=J$1)*Allocations!$H$2:$H$201)) | ... AL10: =IF($A10="","",SUMPRODUCT((Allocations!$B$2:$B$201=$A10)*(Allocations!$E$2:$E$201<=AL$1)*(Allocations!$F$2:$F$201>=AL$1)*Allocations!$H$2:$H$201)) | AM10: =IF($A10="","",SUM(C10:AL10)) | AN10: =IF($A10="","",B10-AM10)
A11: =IF(Projects!A11="","",Projects!A11) | B11: =IF(Projects!A11="","",Projects!E11) | C11: =IF($A11="","",SUMPRODUCT((Allocations!$B$2:$B$201=$A11)*(Allocations!$E$2:$E$201<=C$1)*(Allocations!$F$2:$F$201>=C$1)*Allocations!$H$2:$H$201)) | D11: =IF($A11="","",SUMPRODUCT((Allocations!$B$2:$B$201=$A11)*(Allocations!$E$2:$E$201<=D$1)*(Allocations!$F$2:$F$201>=D$1)*Allocations!$H$2:$H$201)) | E11: =IF($A11="","",SUMPRODUCT((Allocations!$B$2:$B$201=$A11)*(Allocations!$E$2:$E$201<=E$1)*(Allocations!$F$2:$F$201>=E$1)*Allocations!$H$2:$H$201)) | F11: =IF($A11="","",SUMPRODUCT((Allocations!$B$2:$B$201=$A11)*(Allocations!$E$2:$E$201<=F$1)*(Allocations!$F$2:$F$201>=F$1)*Allocations!$H$2:$H$201)) | G11: =IF($A11="","",SUMPRODUCT((Allocations!$B$2:$B$201=$A11)*(Allocations!$E$2:$E$201<=G$1)*(Allocations!$F$2:$F$201>=G$1)*Allocations!$H$2:$H$201)) | H11: =IF($A11="","",SUMPRODUCT((Allocations!$B$2:$B$201=$A11)*(Allocations!$E$2:$E$201<=H$1)*(Allocations!$F$2:$F$201>=H$1)*Allocations!$H$2:$H$201)) | I11: =IF($A11="","",SUMPRODUCT((Allocations!$B$2:$B$201=$A11)*(Allocations!$E$2:$E$201<=I$1)*(Allocations!$F$2:$F$201>=I$1)*Allocations!$H$2:$H$201)) | J11: =IF($A11="","",SUMPRODUCT((Allocations!$B$2:$B$201=$A11)*(Allocations!$E$2:$E$201<=J$1)*(Allocations!$F$2:$F$201>=J$1)*Allocations!$H$2:$H$201)) | ... AL11: =IF($A11="","",SUMPRODUCT((Allocations!$B$2:$B$201=$A11)*(Allocations!$E$2:$E$201<=AL$1)*(Allocations!$F$2:$F$201>=AL$1)*Allocations!$H$2:$H$201)) | AM11: =IF($A11="","",SUM(C11:AL11)) | AN11: =IF($A11="","",B11-AM11)
